SL
NEW AMSTERDAM REPUBLICS @ DETROIT REAPERS
09/24/2019
 
TOP OF THE 1ST
New Amsterdam Republics batting - Pitching for Detroit Reapers : RHP Aaron Wise
Pitching: RHP Aaron Wise
Batting: RHB Doug Reed 0-0: Called Strike
0-1: Ball
1-1: Called Strike
1-2: Ball
2-2: Strikes out swinging
Batting: RHB Noel Livingston 0-0: Called Strike
0-1: Called Strike
0-2: Fly out, F7 (Flyball, 7M)
Batting: LHB Steve Ingram 0-0: Ball
1-0: Swinging Strike
1-1: Swinging Strike
1-2: Ball
2-2: SINGLE (Flyball, 78S)
Batting: RHB Carlos Ortega 0-0: Ball
1-0: Ball
2-0: Called Strike
2-1: Fly out, F4 (Line Drive, 4M)
Top of the 1st over - 0 run(s), 1 hit(s), 0 error(s), 1 left on base; New Amsterdam 0 - Detroit 0
BOTTOM OF THE 1ST
Detroit Reapers batting - Pitching for New Amsterdam Republics : LHP Jeff Hale
Pitching: LHP Jeff Hale
Batting: RHB Jack Weber 0-0: Ball
1-0: Foul Ball, location: 2F
1-1: Ball
2-1: Ball
3-1: Fly out, F4 (Popup, 4MD)
Batting: RHB Abílio Conceio 0-0: Ball
1-0: Called Strike
1-1: Ball
2-1: Called Strike
2-2: Strikes out swinging
Batting: RHB Bart Lewis 0-0: Called Strike
0-1: Called Strike
0-2: Foul Ball, location: 2F
0-2: Ball
1-2: Ball
2-2: Foul Ball, location: 2F
2-2: Foul Ball, location: 2F
2-2: Foul Ball, location: 2F
2-2: Fly out, F7 (Flyball, 78M)
Bottom of the 1st over - 0 run(s), 0 hit(s), 0 error(s), 0 left on base; New Amsterdam 0 - Detroit 0
TOP OF THE 2ND
New Amsterdam Republics batting - Pitching for Detroit Reapers : RHP Aaron Wise
Batting: LHB Ken Norman 0-0: Ball
1-0: Foul Ball, location: 2F
1-1: Foul Ball, location: 2F
1-2: Ground out 4-3 (Groundball, 13)
Batting: RHB Porter Martínez 0-0: Ball
1-0: Ball
2-0: Ball
3-0: Base on Balls
Batting: RHB Tim Robinson 0-0: Called Strike
0-1: Ball
1-1: SINGLE (Line Drive, 34D)
Porter Martínez to second
Batting: RHB Hank Wilder 0-0: Called Strike
0-1: Swinging Strike
0-2: Ball
1-2: Ball
2-2: Foul Ball, location: 2F
2-2: Ball
3-2: Foul Ball, location: 2F
3-2: Base on Balls
Porter Martínez to third
Tim Robinson to second
Batting: RHB Jeff Hale 0-0: SINGLE (Groundball, 56D)
Porter Martínez scores
Tim Robinson to third
Hank Wilder to second
Runner from 3rd tries for Home, SAFE, no throw or cutoff
Batting: RHB Doug Reed 0-0: Ball
1-0: Ball
2-0: Called Strike
2-1: Reached on error, E5 (Groundball, 5S)
Hank Wilder to third
Jeff Hale to second
Batting: RHB Noel Livingston 0-0: Ball
1-0: Ball
2-0: Swinging Strike
2-1: Foul Ball, location: 2F
2-2: Foul Ball, location: 2F
2-2: Ball
3-2: Base on Balls
Hank Wilder scores
Jeff Hale to third
Doug Reed to second
Batting: LHB Steve Ingram 0-0: Called Strike
0-1: Ball
1-1: Foul Ball, location: 2F
1-2: Strikes out swinging
Batting: RHB Carlos Ortega 0-0: Foul Ball, location: 2F
0-1: SINGLE (Line Drive, 34D)
Jeff Hale scores
Doug Reed to third
Noel Livingston to second
Runner from 3rd tries for Home, SAFE, no throw or cutoff
Batting: LHB Ken Norman 0-0: Ball
1-0: Ball
2-0: Ball
3-0: Called Strike
3-1: Base on Balls
Noel Livingston to third
Carlos Ortega to second
Batting: RHB Porter Martínez 0-0: Ball
1-0: Fielders Choice at 2nd, 5-4 (Groundball, 56)
Top of the 2nd over - 5 run(s), 3 hit(s), 1 error(s), 2 left on base; New Amsterdam 5 - Detroit 0
BOTTOM OF THE 2ND
Detroit Reapers batting - Pitching for New Amsterdam Republics : LHP Jeff Hale
Batting: SHB Eiji Suzuki 0-0: Ball
1-0: Ball
2-0: Ball
3-0: Base on Balls
Batting: RHB Eduardo Alvarado 0-0: Grounds into double play, 5-4-3 (Groundball, 5)
Batting: LHB Pat McJannett 0-0: Hit by Pitch
Batting: RHB Kevin Howard 0-0: DOUBLE (Line Drive, 7LM)
Pat McJannett to third
Batting: RHB Robby Thomas 0-0: Swinging Strike
0-1: Called Strike
0-2: Strikes out swinging
Bottom of the 2nd over - 0 run(s), 1 hit(s), 0 error(s), 2 left on base; New Amsterdam 5 - Detroit 0
TOP OF THE 3RD
New Amsterdam Republics batting - Pitching for Detroit Reapers : RHP Aaron Wise
Batting: RHB Tim Robinson 0-0: Ball
1-0: Called Strike
1-1: Ground out 5-3 (Groundball, 56)
Batting: RHB Hank Wilder 0-0: Fly out, F9 (Flyball, 89S)
Batting: RHB Jeff Hale 0-0: Ball
1-0: Called Strike
1-1: Ball
2-1: TRIPLE (Line Drive, 7LS)
Batting: RHB Doug Reed 0-0: Ball
1-0: Called Strike
1-1: Called Strike
1-2: Fly out, F9 (Flyball, 89M)
Top of the 3rd over - 0 run(s), 1 hit(s), 0 error(s), 1 left on base; New Amsterdam 5 - Detroit 0
BOTTOM OF THE 3RD
Detroit Reapers batting - Pitching for New Amsterdam Republics : LHP Jeff Hale
Pinch Hitting: LHB Ryan Westlake 0-0: Foul Ball, location: 2F
0-1: Ball
1-1: Swinging Strike
1-2: Hit by Pitch
Batting: RHB Jack Weber 0-0: Ball
1-0: Called Strike
1-1: Ball
2-1: Foul Ball, location: 2F
2-2: Strikes out swinging
Batting: RHB Abílio Conceio 0-0: Ball
Ryan Westlake steals 2nd base
1-0: Foul Ball, location: 2F
1-1: Ball
2-1: Fly out, F8 (Flyball, 8RD)
Runner from 2nd tags up, SAFE at 3rd, no throw
Batting: RHB Bart Lewis 0-0: Swinging Strike
0-1: Ball
1-1: Ball
2-1: Ground out 5-3 (Groundball, 5)
Bottom of the 3rd over - 0 run(s), 0 hit(s), 0 error(s), 1 left on base; New Amsterdam 5 - Detroit 0
TOP OF THE 4TH
New Amsterdam Republics batting - Pitching for Detroit Reapers : RHP Aaron Wise
Pitching: RHP Harold Taylor
Batting: RHB Noel Livingston 0-0: Ball
1-0: Ball
2-0: Fly out, F9 (Flyball, 9S)
Batting: LHB Steve Ingram 0-0: Ball
1-0: Ground out 1-3 (Groundball, 13)
Batting: RHB Carlos Ortega 0-0: Fly out, F9 (Flyball, 9D)
Top of the 4th over - 0 run(s), 0 hit(s), 0 error(s), 0 left on base; New Amsterdam 5 - Detroit 0
BOTTOM OF THE 4TH
Detroit Reapers batting - Pitching for New Amsterdam Republics : LHP Jeff Hale
Batting: SHB Eiji Suzuki 0-0: Called Strike
0-1: Ball
1-1: Ball
2-1: Ball
3-1: Base on Balls
Batting: RHB Eduardo Alvarado 0-0: Swinging Strike
0-1: Foul Ball, location: 2F
0-2: Ball
1-2: Strikes out swinging
Batting: LHB Pat McJannett 0-0: Called Strike
0-1: Foul Ball, location: 2F
0-2: Ball
1-2: Ball
2-2: 2-RUN HOME RUN (Flyball, 9D) (Inside the Park)
Batting: RHB Kevin Howard 0-0: Ball
1-0: Foul Ball, location: 2F
1-1: Called Strike
1-2: Foul Ball, location: 2F
1-2: Foul Ball, location: 2F
1-2: Foul Ball, location: 2F
1-2: SINGLE (Line Drive, 7S)
Batting: RHB Robby Thomas 0-0: Swinging Strike
0-1: Ball
1-1: Swinging Strike
1-2: Strikes out swinging
Pinch Hitting: LHB Keith Spear 0-0: Ground out 1-3 (Groundball, 15S)
Bottom of the 4th over - 2 run(s), 2 hit(s), 0 error(s), 1 left on base; New Amsterdam 5 - Detroit 2
TOP OF THE 5TH
New Amsterdam Republics batting - Pitching for Detroit Reapers : RHP Harold Taylor
Pitching: RHP Jim Washington
Batting: LHB Ken Norman 0-0: Ball
1-0: Ball
2-0: Called Strike
2-1: Ball
3-1: Ground out U3 (Groundball, 3L)
Batting: RHB Porter Martínez 0-0: Swinging Strike
0-1: Ground out 6-3 (Groundball, 4M)
Batting: RHB Tim Robinson 0-0: Ground out 6-3 (Groundball, 6)
Top of the 5th over - 0 run(s), 0 hit(s), 0 error(s), 0 left on base; New Amsterdam 5 - Detroit 2
BOTTOM OF THE 5TH
Detroit Reapers batting - Pitching for New Amsterdam Republics : LHP Jeff Hale
Batting: RHB Jack Weber 0-0: Ball
1-0: Ball
2-0: Called Strike
2-1: Foul Ball, location: 2F
2-2: Ball
3-2: DOUBLE (Flyball, 89M)
Batting: RHB Abílio Conceio 0-0: Swinging Strike
0-1: Ball
1-1: Ground out 5-3 (Groundball, 5S)
Jack Weber to third
Batting: RHB Bart Lewis 0-0: Ball
1-0: Called Strike
1-1: Ball
2-1: Swinging Strike
2-2: Foul Ball, location: 2F
2-2: Foul Ball, location: 2F
2-2: Ball
3-2: Ground out 5-3 (Groundball, 5)
Batting: SHB Eiji Suzuki 0-0: Ball
1-0: Fly out, F7 (Flyball, 78XD)
Bottom of the 5th over - 0 run(s), 1 hit(s), 0 error(s), 1 left on base; New Amsterdam 5 - Detroit 2
TOP OF THE 6TH
New Amsterdam Republics batting - Pitching for Detroit Reapers : RHP Jim Washington
Batting: RHB Hank Wilder 0-0: Foul Ball, location: 2F
0-1: Ball
1-1: Ball
2-1: Called Strike
2-2: Strikes out swinging
Batting: RHB Jeff Hale 0-0: Called Strike
0-1: Called Strike
0-2: Ball
1-2: Ball
2-2: Strikes out swinging
Batting: RHB Doug Reed 0-0: Foul Ball, location: 2F
0-1: Ball
1-1: Swinging Strike
1-2: Ball
2-2: DOUBLE (Line Drive, 7LS)
Batting: RHB Noel Livingston 0-0: Foul Ball, location: 2F
0-1: Swinging Strike
0-2: Foul Ball, location: 2F
0-2: Ground out 6-3 (Groundball, 6)
Top of the 6th over - 0 run(s), 1 hit(s), 0 error(s), 1 left on base; New Amsterdam 5 - Detroit 2
BOTTOM OF THE 6TH
Detroit Reapers batting - Pitching for New Amsterdam Republics : LHP Jeff Hale
Batting: RHB Eduardo Alvarado 0-0: Ball
1-0: Hit by Pitch
Batting: LHB Pat McJannett 0-0: Called Strike
0-1: 2-RUN HOME RUN (Flyball, 89XD), Distance : 425 ft
Batting: RHB Kevin Howard 0-0: Ball
1-0: Swinging Strike
1-1: Ball
2-1: Swinging Strike
2-2: Foul Ball, location: 2F
2-2: Foul Ball, location: 2F
2-2: Ball
3-2: Strikes out swinging, 2-3 out at first.
Batting: RHB Robby Thomas 0-0: Ball
1-0: Ball
2-0: Fly out, F8 (Flyball, 8LM)
Pinch Hitting: RHB Dan Lewis 0-0: Called Strike
0-1: Ball
1-1: Ball
2-1: Swinging Strike
2-2: Strikes out looking
Bottom of the 6th over - 2 run(s), 1 hit(s), 0 error(s), 0 left on base; New Amsterdam 5 - Detroit 4
TOP OF THE 7TH
New Amsterdam Republics batting - Pitching for Detroit Reapers : RHP Jim Washington
Pitching: RHP Tony Hernández
Batting: LHB Steve Ingram 0-0: Called Strike
0-1: DOUBLE (Line Drive, 9LM)
Batting: RHB Carlos Ortega 0-0: Called Strike
0-1: Called Strike
0-2: Ball
1-2: Fly out, F7 (Popup, 6D)
Batting: LHB Ken Norman 0-0: Intentional Walk
Batting: RHB Porter Martínez 0-0: Called Strike
0-1: Ball
1-1: Fly out, F9 (Flyball, 9LS)
Batting: RHB Tim Robinson 0-0: Ball
1-0: Ball
2-0: Foul Ball, location: 2F
2-1: Foul Ball, location: 2F
2-2: Foul Ball, location: 2F
2-2: Ball
3-2: Foul Ball, location: 2F
3-2: Foul Ball, location: 2F
3-2: Base on Balls
Steve Ingram to third
Ken Norman to second
Pinch Hitting: LHB Emílio Barbán 0-0: Ball
1-0: Called Strike
1-1: Ball
2-1: SINGLE (Groundball, 23) (infield hit)
Steve Ingram scores
Ken Norman to third
Tim Robinson to second
Pinch Hitting: LHB Stan Lewis 0-0: Ball
1-0: Foul Ball, location: 2F
1-1: Ball
2-1: SINGLE (Groundball, 34D)
Ken Norman scores
Tim Robinson to third
Emílio Barbán to second
Runner from 3rd tries for Home, SAFE, throw made home
Emílio Barbán to third
Stan Lewis to second
Pitching: RHP Casey Bader
Batting: RHB Doug Reed 0-0: Ball
1-0: Ball
2-0: Reached on error, E6 (Groundball, 6M)
Emílio Barbán scores
Stan Lewis scores
Batting: RHB Noel Livingston 0-0: Ball
1-0: Ball
Wild Pitch!
Doug Reed to third
2-0: Swinging Strike
2-1: Called Strike
2-2: Strikes out swinging
Top of the 7th over - 5 run(s), 3 hit(s), 1 error(s), 1 left on base; New Amsterdam 10 - Detroit 4
BOTTOM OF THE 7TH
Detroit Reapers batting - Pitching for New Amsterdam Republics : LHP Jeff Hale
Pitching: RHP Ramón Lara
Now at 3B: Emílio Barbán
Now in CF: José Ramírez
Batting: RHB Jack Weber 0-0: Ball
1-0: Foul Ball, location: 2F
1-1: Ball
2-1: Called Strike
2-2: Foul Ball, location: 2F
2-2: Ball
3-2: SINGLE (Groundball, 56D)
Batting: RHB Abílio Conceio 0-0: Ball
1-0: Ball
2-0: Called Strike
2-1: Foul Ball, location: 2F
2-2: Fielders Choice at 2nd, 1-6 (Groundball, 23)
Batting: RHB Bart Lewis 0-0: Swinging Strike
0-1: Ball
Abílio Conceio is caught stealing 2nd base
1-1: Foul Ball, location: 2F
1-2: Ground out 6-3 (Groundball, 6)
Bottom of the 7th over - 0 run(s), 1 hit(s), 0 error(s), 0 left on base; New Amsterdam 10 - Detroit 4
TOP OF THE 8TH
New Amsterdam Republics batting - Pitching for Detroit Reapers : RHP Casey Bader
Batting: LHB Steve Ingram 0-0: SOLO HOME RUN (Line Drive, 89XD), Distance : 411 ft
Batting: RHB Carlos Ortega 0-0: Ball
1-0: Swinging Strike
1-1: Ball
2-1: Ball
3-1: Base on Balls
Batting: LHB Ken Norman 0-0: Ball
1-0: 2-RUN HOME RUN (Flyball, 9LD), Distance : 359 ft
Pitching: RHP Luis Ríos
Batting: RHB Porter Martínez 0-0: Foul Ball, location: 2F
0-1: Foul Ball, location: 2F
0-2: Ball
1-2: Strikes out swinging
Batting: RHB Tim Robinson 0-0: Foul Ball, location: 2F
0-1: Called Strike
0-2: Ball
1-2: Foul Ball, location: 2F
1-2: Strikes out looking
Batting: LHB Emílio Barbán 0-0: Ball
1-0: Ball
2-0: Called Strike
2-1: Fly out, F8 (Flyball, 8RD)
Top of the 8th over - 3 run(s), 2 hit(s), 0 error(s), 0 left on base; New Amsterdam 13 - Detroit 4
BOTTOM OF THE 8TH
Detroit Reapers batting - Pitching for New Amsterdam Republics : RHP Ramón Lara
Batting: SHB Eiji Suzuki 0-0: Foul Ball, location: 2F
0-1: Fly out, F8 (Flyball, 8LXD)
Batting: RHB Eduardo Alvarado 0-0: Ball
1-0: Ball
2-0: Foul Ball, location: 2F
2-1: Ball
3-1: Called Strike
3-2: Strikes out looking
Batting: LHB Pat McJannett 0-0: Ball
1-0: Ball
2-0: Ball
3-0: Called Strike
3-1: Base on Balls
Batting: RHB Kevin Howard 0-0: Ball
1-0: Ball
2-0: Ball
3-0: Base on Balls
Pat McJannett to second
Batting: RHB Robby Thomas 0-0: Ball
1-0: Ball
2-0: DOUBLE (Line Drive, 34)
Pat McJannett scores
Kevin Howard to third
Pinch Hitting: SHB Yosuke Kiyomizu 0-0: Called Strike
0-1: Ball
1-1: Foul Ball, location: 2F
1-2: Ground out 4-3 (Groundball, 4)
Bottom of the 8th over - 1 run(s), 1 hit(s), 0 error(s), 2 left on base; New Amsterdam 13 - Detroit 5
TOP OF THE 9TH
New Amsterdam Republics batting - Pitching for Detroit Reapers : RHP Luis Ríos
Pitching: RHP Pete Wood
Pinch Hitting: RHB Francisco Gonzáles 0-0: Ball
1-0: Swinging Strike
1-1: Called Strike
1-2: Strikes out swinging
Batting: RHB José Ramírez 0-0: Ball
1-0: Ball
2-0: Called Strike
2-1: Called Strike
Error on foul ball, E3
2-2: Foul Ball, location: 2F
2-2: Ground out 4-3 (Groundball, 4M)
Batting: RHB Noel Livingston 0-0: Called Strike
0-1: Ball
1-1: Ball
2-1: Ground out 6-3 (Groundball, 6M)
Top of the 9th over - 0 run(s), 0 hit(s), 1 error(s), 0 left on base; New Amsterdam 13 - Detroit 5
BOTTOM OF THE 9TH
Detroit Reapers batting - Pitching for New Amsterdam Republics : RHP Ramón Lara
Pitching: LHP Michael Rondeau
Batting: RHB Jack Weber 0-0: Ball
1-0: Foul Ball, location: 2F
1-1: Ball
2-1: Ground out 6-3 (Groundball, 6)
Batting: RHB Abílio Conceio 0-0: Ball
1-0: Ball
2-0: Ball
3-0: Foul Ball, location: 2F
3-1: Foul Ball, location: 2F
3-2: Strikes out swinging
Batting: RHB Bart Lewis 0-0: Ground out 6-3 (Groundball, 56D)
Bottom of the 9th over - 0 run(s), 0 hit(s), 0 error(s), 0 left on base; New Amsterdam 13 - Detroit 5
This league is powered by Out of the Park Baseball, the baseball management simulation game for PC, Mac and Linux
Saturday, July 25th, 2015 - OOTP Baseball 15.6 Build 34